Map: Thunderbird LE

Players

Mez

  • Race: Terran Terran
  • League: Master
  • Spawn Location: 11:00

sail - Winner!

  • Race: Protoss Protoss
  • League: Master
  • Spawn Location: 5:00

VOD

Have the link to the VOD?

Description

Time

  • Played on: Aug. 22, 2019, 7:22 a.m.
  • Length: 10:39
Show
View Real Time Build Order
Export as new Build Order

Mez Terran 

Build Orders: Reaper Expand 

Get SALT Encoding   

  12  0:00  SCV  
  13  0:12  SCV  
  14  0:17  Supply Depot  
  14  0:25  SCV  
  15  0:38  SCV  
  15  0:39  Barracks  
  16  0:44  Refinery  
  16  0:50  SCV  
  17  1:03  SCV  
  18  1:15  SCV  
  19  1:27  Orbital Command, Reaper  
  20  1:43  Command Center  
  20  1:51  Bunker  
  20  1:54  SCV  
  20  1:59  Marine  
  22  2:09  SCV  
  22  2:10  Supply Depot  
  23  2:18  Barracks Reactor  
  23  2:31  SCV  
  24  2:41  Command Center  
  24  2:45  SCV  
  24  2:46  Factory  
  25  2:56  Orbital Command  
  25  3:02  Marine  
  25  3:03  Marine  
  27  3:07  Refinery, SCV  
  29  3:20  SCV  
  29  3:22  SCV  
  30  3:27  Marine x2  
  30  3:30  Widow Mine  
  30  3:32  Starport  
  30  3:33  SCV  
  36  3:34  SCV  
  36  3:45  Marine x2  
  36  3:46  SCV x2  
  40  3:54  Factory Tech Lab  
  40  3:56  Orbital Command  
  40  3:58  SCV x2  
  40  4:02  Refinery  
  42  4:03  Marine x2  
  44  4:10  Starport Tech Lab  
  44  4:15  SCV x2  
  49  4:17  Supply Depot  
  49  4:23  SCV  
  50  4:27  SCV  
  51  4:33  Cyclone  
  51  4:34  Marine x2  
  51  4:35  SCV  
  51  4:36  SCV  
  51  4:37  Raven  
  57  4:39  Barracks  
  57  4:40  Barracks  
  57  4:43  Supply Depot  
  57  4:52  Marine x2  
  58  4:54  SCV  
  58  4:55  SCV x2  
  58  4:58  Refinery  
  61  5:07  SCV x2, Engineering Bay  
  63  5:08  Supply Depot, Engineering Bay  
  63  5:09  Orbital Command  
  63  5:10  Marine x2  
  65  5:18  Factory Reactor  
  65  5:19  SCV x2  
  67  5:31  Marine x2, SCV, Starport Reactor  
  67  5:32  SCV  
  67  5:33  Stimpack  
  71  5:36  SCV  
  71  5:40  Marauder x2  
  76  5:42  Combat Shield  
  76  5:43  SCV  
  76  5:44  Terran Infantry Armor Level 1, Terran Infantry Weapons Level 1  
  76  5:46  SCV  
  76  5:48  SCV  
  76  5:49  Barracks  
  79  5:52  Barracks  
  77  5:58  SCV x2  
  77  6:01  Missile Turret  
  79  6:05  Missile Turret  
  79  6:06  Missile Turret  
  79  6:08  SCV  
  79  6:09  Refinery  
  79  6:10  SCV x2  
  82  6:13  Medivac  
  84  6:20  SCV  
  85  6:25  Supply Depot  
  85  6:26  Supply Depot  
  85  6:27  Supply Depot  
  85  6:30  Supply Depot  
  85  6:32  Medivac, Marine x2  
  85  6:33  Marauder x2  
  85  6:36  Widow Mine, SCV x2  
  85  6:37  SCV  
  98  6:46  Barracks Reactor  
  98  6:47  Barracks Tech Lab  
  98  6:48  SCV x2  
  98  6:49  SCV  
  98  6:50  Supply Depot  
  98  6:52  Supply Depot  
  101  6:56  Refinery  
  101  7:00  Marauder x2, SCV x2, Marine x2  
  111  7:01  SCV  
  114  7:12  SCV  
  115  7:16  Viking x2  
  115  7:21  Starport  
  114  7:24  Marine  
  114  7:25  Marauder x3, Marine x3  
  114  7:29  Factory Reactor  
  124  7:32  SCV x2  
  124  7:33  SCV  
  127  7:37  Armory  
  127  7:41  Supply Depot, Ghost Academy  
  127  7:42  Supply Depot x2  
  127  7:48  Supply Depot  
  127  7:52  Viking x2  
  131  8:11  Ghost x3  
  131  8:12  Marine x4  
  141  8:14  Viking x2  
  141  8:18  Supply Depot  
  145  8:20  Supply Depot  
  145  8:25  Viking x2  
  149  8:29  Concussive Shells, Marine  
  150  8:38  Terran Ship Weapons Level 1  
  150  8:55  Medivac x3  
  154  8:56  Viking  
  154  9:00  Marauder x2, Marine x3  
  165  9:13  Marauder, Command Center  
  167  9:22  Marauder  
  169  9:25  Viking  
  161  9:39  Liberator x2  
  161  9:43  Marauder x3  
  131  9:54  Marine x2  
  131  9:55  Marine x2  
  135  10:04  Marauder  
  135  10:05  Marauder x2  
Show
View Real Time Build Order
Export as new Build Order

sail Protoss - Winner!

Build Orders: 1 Gate Expand, Phoenix Opening, Colossus Rush 

Get SALT Encoding   

  12  0:01  Probe  
  13  0:13  Probe  
  14  0:17  Pylon  
  14  0:25  Probe  
  15  0:35  Gateway  
  15  0:36  Probe  
  16  0:44  Probe  
  16  0:46  Assimilator  
  17  0:52  Probe  
  18  1:04  Probe  
  19  1:17  Probe  
  20  1:25  Nexus  
  20  1:34  Cybernetics Core  
  20  1:37  Probe  
  21  1:45  Assimilator  
  21  1:50  Probe  
  21  1:52  Pylon  
  22  2:01  Adept  
  22  2:02  Probe  
  23  2:14  Probe  
  26  2:20  Stargate  
  26  2:26  Probe  
  27  2:38  Probe x2  
  27  2:43  Warp Gate  
  29  2:44  Stalker  
  29  2:50  Probe x2  
  33  2:54  Phoenix  
  33  2:59  Probe  
  33  3:04  Probe  
  37  3:07  Probe  
  38  3:16  Pylon, Probe x2  
  40  3:20  Assimilator  
  40  3:22  Phoenix, Assimilator  
  42  3:28  Probe  
  43  3:35  Robotics Facility  
  43  3:40  Probe x2  
  45  3:41  Gateway  
  45  3:53  Phoenix  
  45  3:55  Probe  
  48  4:07  Nexus  
  48  4:10  Probe  
  48  4:12  Probe  
  50  4:21  Forge  
  50  4:22  Probe  
  51  4:32  Probe  
  51  4:36  Observer  
  51  4:38  Pylon, Probe  
  54  4:39  Robotics Bay  
  54  4:46  Protoss Ground Weapons Level 1  
  54  4:50  Pylon  
  54  4:52  Immortal  
  54  4:56  Probe x2  
  60  5:07  Twilight Council  
  60  5:09  Probe  
  60  5:10  Sentry, Stalker  
  60  5:12  Probe  
  66  5:19  Colossus, Probe  
  67  5:23  Probe  
  68  5:33  Probe  
  75  5:40  Extended Thermal Lance  
  75  5:41  Probe x2  
  77  5:45  Probe  
  78  5:51  Blink  
  78  5:53  Pylon, Probe x2  
  80  5:57  Probe  
  80  6:01  Colossus  
  81  6:09  Gateway  
  81  6:11  Gateway  
  81  6:13  Gateway, Probe  
  81  6:15  Gateway, Probe  
  81  6:16  Gateway  
  89  6:22  Pylon  
  89  6:23  Assimilator  
  89  6:24  Probe  
  90  6:26  Pylon  
  90  6:27  Assimilator  
  90  6:29  Gateway  
  90  6:30  Probe x2  
  90  6:32  Protoss Ground Weapons Level 2  
  92  6:43  Probe  
  92  6:44  Probe  
  94  6:48  Colossus  
  94  6:52  Templar Archives  
  94  6:53  Probe  
  95  6:54  Pylon  
  95  6:57  Probe  
  102  7:23  Psionic Storm  
  102  7:24  Pylon x2  
  102  7:25  Stalker x5  
  102  7:26  Sentry  
  114  7:31  Charge  
  114  7:32  Pylon  
  114  7:34  Probe  
  114  7:36  Nexus  
  115  7:37  Pylon  
  115  7:42  Warp Prism  
  117  7:45  Probe  
  117  7:51  Forge  
  118  7:53  High Templar x2  
  118  7:54  Zealot  
  122  8:12  Zealot  
  122  8:13  Protoss Ground Armor Level 1, Zealot x4  
  122  8:16  Pylon  
  122  8:18  Probe  
  133  8:20  Pylon  
  133  8:22  Pylon  
  133  8:27  High Templar  
  133  8:30  Colossus, High Templar  
  133  8:31  Stalker  
  133  8:32  Colossus  
  133  8:33  Probe x3  
  142  8:45  Probe, Zealot x4  
  142  8:48  Probe  
  152  9:00  Zealot x3  
  158  9:03  Robotics Facility  
  158  9:09  Gateway  
  154  9:11  Probe x2  
  154  9:12  Assimilator  
  154  9:13  High Templar x2  
  154  9:14  Stalker x3  
  166  9:17  Assimilator  
  166  9:18  Archon  
  158  9:41  Zealot x6  
  154  9:54  Zealot x2  
  156  10:05  Zealot x3  
  156  10:06  Probe x3  
  156  10:07  Probe  
  156  10:11  Zealot x4  
  146  10:33  Stalker x5  
Tags
 
Add a new tag
Caveats
  • Supply blocks, unpowered buildings, or Contaminate may cause inaccurate times.
  • Supply counts are checked every 10 seconds.